Unix NetHack Version 5.0.0-0 post-release - last build May  4 2026 22:22:43 (774f63e81ad911689b3a0859ea89b322d5daca8d,branch:main).

Game began 2026-05-05 14:16:13, ended 2026-05-05 14:35:17.

01245990302, lawful female dwarven Cavewoman

                                   -------------
                   -----------#####............|
                 ##...........#####|............#
                 # |.........|#   #.         ..|#
   ----------    # |........!|               ---#                 |
   |.........##### -----------                 #@e       .........|
   |........|# ####                              Z                |
   |.........###
   ----------###
               #                ------
               #  --------#     |.`..|
               #  |.......######.<.{.|
               #  |......|     #|....+
               ###........      ------
                  --------

01245990302 the Aborigine  St:18/03 Dx:15 Co:14 In:8 Wi:8 Ch:8  Lawful
Dlvl:4  $:25 HP:0(33) Pw:4(4) AC:8  Xp:3 T:1260  Hungry  

Latest messages:
 The door resists!
 The door resists!
 The door opens.
 In what direction? 4
 Dumb move!  You strain a muscle.
 Your movements are slowed slightly because of your load.
 Your leg feels better.
 Your movements are now unencumbered.
 You find a hidden passage.
 You find a hidden door.
 This door is locked.
 In what direction? 6
 As you kick the door, it crashes open!
 You descend the stairs.
 You hear a slow drip.
 The iguana bites!
 You miss the iguana.
 The iguana bites!
 You kill the iguana!
 Welcome to experience level 3.
 This door is locked.
 This door is locked.
 This door is locked.
 This door is locked.
 In what direction? 6
 Thwack!!
 In what direction? 6
 As you kick the door, it shatters to pieces!
 You hit the floating eye!
 You are frozen by the floating eye's gaze!
 You are beginning to feel hungry.
 The dwarf zombie hits!
 The dwarf zombie hits!
 The dwarf zombie hits!
 The dwarf zombie hits!
 The dwarf zombie hits!
 The dwarf zombie hits!
 The dwarf zombie hits!
 The dwarf zombie hits!
 The dwarf zombie hits!
 The dwarf zombie hits!
 The dwarf zombie hits!
 The dwarf zombie hits!
 The dwarf zombie hits!
 You die...
 Do you want your possessions identified? [ynq] (y) y
 Do you want to see your attributes? [ynq] (y) y
 Do you want an account of creatures vanquished? [ynaq] (y) y
 Do you want to see your conduct and achievements? [ynq] (y) y
 Do you want to see the dungeon overview? [ynq] (y) y

Inventory:
 Coins    ('$')
  $ - 25 gold pieces
 Weapons  (')')
  g - 6 +0 arrows
  b - a blessed +2 sling
  n - 3 blessed +0 darts
  p - a +0 dagger
  a - a +1 club (weapon in right hand)
 Armor    ('[')
  l - an uncursed +0 cloak of protection
  e - an uncursed +0 leather armor (being worn)
 Comestibles  ('%')
  k - 3 uncursed food rations
  h - 2 cursed food rations
 Spellbooks  ('+')
  i - an uncursed spellbook of turn undead
 Gems/Stones  ('*')
  m - an uncursed amber stone
  f - an uncursed obsidian stone
  c - 18 uncursed flint stones (in quiver pouch)
  d - 29 uncursed rocks

01245990302 the Cavewoman's attributes:

Background:
 You were an Aborigine, a level 3 dwarven Cavewoman.
 You were lawful, nominally on a mission for Anu
 who was opposed by Ishtar (neutral) and Anshar (chaotic).
 You were right-handed.
 You were in the Dungeons of Doom, on level 4.
 You entered the dungeon 1260 turns ago.
 You had 44 experience points, 36 more were needed to attain level 4.

Basics:
 You had 0 out of 33 hit points.
 You had all 4 energy points (spell power).
 Your armor class was 8.
 Your wallet contained 25 zorkmids.
 Autopickup was off.

Final Characteristics:
 Your strength was 18/03 (limit:18/100).
 Your dexterity was 15 (limit:20).
 Your constitution was 14 (limit:20).
 Your intelligence was 8 (limit:16).
 Your wisdom was 8 (limit:16).
 Your charisma was 8 (limit:16).

Final Status:
 You were hungry.
 You were unencumbered.
 You were wielding a club.
 You had basic skill with club.

Final Attributes:
 You were stridently aligned.
 You had infravision.
 You were warded.
 You are dead.

Miscellaneous:
 You didn't encounter any bones levels.
 Total elapsed playing time was 19 minutes and 2 seconds.

Major events:
 Turn
    1: 01245990302 the lawful dwarven Cavewoman entered the dungeon
 1142: attained the rank of Aborigine (level 3)
 1260: killed by a dwarf zombie, while frozen by a floating eye's gaze

You didn't know any spells.

Skills:
 Fighting Skills
   bare handed combat [Basic]
 Weapon Skills
   dagger             [Unskilled]
   knife              [Unskilled]
   axe                [Unskilled]
   pick-axe           [Unskilled]
   club               [Basic]
   mace               [Unskilled]
   morning star       [Unskilled]
   flail              [Unskilled]
   hammer             [Unskilled]
   quarterstaff       [Unskilled]
   polearms           [Unskilled]
   spear              [Unskilled]
   trident            [Unskilled]
   bow                [Unskilled]
   sling              [Basic]
   boomerang          [Unskilled]
   unicorn horn       [Unskilled]
 Spellcasting Skills
   attack spells      [Unskilled]
   matter spells      [Unskilled]

Voluntary challenges:
 Character rerolling was not enabled.
 You were an atheist.
 You were illiterate.
 You never genocided any monsters.
 You never polymorphed an object.
 You never changed form.
 You used no wishes.
Achievement:
 You attained the rank of Aborigine.

 The Dungeons of Doom: levels 1 to 4
    Level 1:
       Many fountains.
    Level 2:
       An altar, a fountain.
    Level 3:
    Level 4: <- You were here.
       A sink.
       Final resting place for
          you, killed by a dwarf zombie, while frozen by a floating eye's gaze.


Vanquished creatures:
 an iguana
  a hobbit
  a gnome zombie
  4 jackals
  3 kobolds
  a sewer rat
  a lichen
  a kobold zombie
  2 newts
15 creatures vanquished.

No species were genocided or became extinct.

Game over:
                       ----------
                      /          \
                     /    REST    \
                    /      IN      \
                   /     PEACE      \
                  /                  \
                  |   01245990302    |
                  |      25 Au       |
                  |   killed by a    |
                  |   dwarf zombie   |
                  |                  |
                  |                  |
                  |       2026       |
                 *|     *  *  *      | *
        _________)/\\_//(\/(/\)/\//\/|_)_______

Goodbye 01245990302 the Cavewoman...

You died in The Dungeons of Doom on dungeon level 4 with 349 points,
and 25 pieces of gold, after 1260 moves.
You were level 3 with a maximum of 33 hit points when you died.

